 Dungeon Crawl Stone Soup version 0.26-a0-1107-g6118521029 (webtiles) character file.

Game seed: 3663722329795486759

21 robertstho the Conjurer (level 2, 0/20 HPs)
             Began as a Ghoul Conjurer on Dec 16, 2020.
             Slain by a bat (1 damage)
             ... on level 1 of the Dungeon.
             The game lasted 00:01:41 (947 turns).

robertstho the Conjurer (Ghoul Conjurer)             Turns: 947, Time: 00:01:42

Health: 0/20       AC:  2    Str: 10    XL:     2   Next: 83%
Magic:  2/3        EV: 12    Int: 13    God:
Gold:   20         SH:  0    Dex:  7    Spells: 3/4 levels left

rFire    . . .     SeeInvis .   b - +0 hand axe (curse)
rCold    + . .     Faith    .   (no shield)
rNeg     + + +     Spirit   .   a - +0 robe
rPois    ∞         Reflect  .   (no helmet)
rElec    .         Harm     .   (no cloak)
rCorr    .         Rampage  .   (no gloves)
Will     .....                  (no boots)
Stlth    ++........             (no amulet)
HPRegen  0.00/turn              (no ring)
MPRegen  0.08/turn              (no ring)

@: no status effects
A: claws 1, cold resistance 1, negative energy resistance 3, inhibited
regeneration, torment resistance, unbreathing
a: no special abilities


You were on level 1 of the Dungeon.
You visited 1 branch of the dungeon, and saw 1 of its levels.

You collected 20 gold pieces.

Inventory:

Hand Weapons
 b - a cursed +0 hand axe (weapon)
Missiles
 c - 9 bolts
 e - 16 sling bullets
Armour
 a - a +0 robe (worn)
Scrolls
 d - a scroll of identify {unknown}
 f - a scroll of immolation {unknown}
 g - a scroll of magic mapping {unknown}


   Skills:
 + Level 0.2 Fighting
 + Level 2.1 Dodging
 + Level 2.2 Stealth
 + Level 1.8 Spellcasting
 + Level 3.6 Conjurations


You had 3 spell levels left.
You knew the following spells:

 Your Spells              Type           Power        Failure   Level
a - Magic Dart            Conj           ##..         6%          1

Your spell library contained the following spells:

 Spells                   Type           Power        Failure   Level
 Searing Ray              Conj           ##....       9%          2
 Dazzling Flash           Conj/Hex       #.....       36%         3
 Fulminant Prism          Conj/Hex       #.........   77%         4
 Iskenderun's Mystic Bla  Conj/Tloc      #.......     77%         4


Dungeon Overview and Level Annotations

Branches:
Dungeon (1/15)

Altars:


Innate Abilities, Weirdness & Mutations

You thrive by killing the living.
You are immune to poison.
You have sharp fingernails.
Your flesh is cold resistant. (rC+)
You are immune to negative energy. (rN+++)
You do not regenerate when monsters are visible.
You are immune to unholy pain and torment.
You can survive without breathing.


Message History

The bat is heavily wounded.
The bat completely misses you. The bat hits you.
* * * LOW HITPOINT WARNING * * *
You closely miss the bat.
The bat is moderately wounded.
The bat hits you.
* * * LOW HITPOINT WARNING * * *
The bat hits you but does no damage. The bat closely misses you.
You miss the bat.
The bat is moderately wounded.
The bat hits you.
* * * LOW HITPOINT WARNING * * *
The bat closely misses you. The bat barely misses you.
You barely miss the bat.
The bat is moderately wounded.
The bat barely misses you. The bat closely misses you.
You barely miss the bat. The bat closely misses you.
The bat hits you but does no damage. x2
You barely miss the bat. The bat hits you but does no damage. The bat hits you.
You die...

..................#
.................##
.................#
################.#
...............#.#
.......8...8...#.#
#####..........#.#
≈≈≈≈#.⌠......⌠.#b#
≈≈≈≈#....<.....#@#
≈≈≈≈#.⌠..^...⌠.###
#####..........#
.......8...8...#
...............#
################


You could see a bat.

Vanquished Creatures
  2 leopard geckos (D:1)
  A ball python (D:1)
  A giant cockroach (D:1)
  A goblin (D:1)
  2 kobolds (D:1)
  4 bats (D:1)
  2 frilled lizards (D:1)
  6 rats (D:1)
19 creatures vanquished.

Notes
Turn   | Place    | Note
-------+----------+-------------------------------------------
     0 | D:1      | robertstho the Ghoul Conjurer began the quest for the Orb.
     0 | D:1      | Reached XP level 1. HP: 14/14 MP: 2/2
     7 | D:1      | Noticed an electric eel
   362 | D:1      | Reached XP level 2. HP: 5/20 MP: 3/3
   944 | D:1      | HP: 1/20 [bat (1)]
   947 | D:1      | Slain by a bat

Illustrated notes

Levels and vault maps discovered:
D:1:      arrival_aquarium_a, layout_rooms

Skill      XL: |  1 |
---------------+----+-----
Dodging        | 2 |  2.1
Fighting       | |  0.2
Stealth        | |  2.2
Spellcasting   | |  1.8
Conjurations   | |  3.6

Action                   || total
-------------------------++-------
Melee: Hand axe          ||    92
 Cast: Magic Dart        ||     6
 Stab: Sleeping          ||     2
Armor: Robe              ||    70
Dodge: Dodged            ||   163

Table legend: (Time is in decaauts)
 A = Elapsed time spent in this place.
 B = Non-inter-level travel time spent in this place.
 C = Inter-level travel time spent in this place.
 D = Time resting spent in this place.
 E = Time spent auto-exploring this place.
 F = Levels seen in this place.
 G = Mean time per level.
                   A        B        C        D        E       F      G
               +--------+--------+--------+--------+--------+-----+--------+
         Total |    973 |    973 |      0 |      0 |    685 |   1 |  973.0 |
       Dungeon |    973 |    973 |      0 |      0 |    685 |   1 |  973.0 |
               +--------+--------+--------+--------+--------+-----+--------+

Top non-repeatable levels by time:
     D:1: 973 daAuts
